 Dungeon Crawl Stone Soup version 0.31.0-11-ge490571c62 (webtiles) character file.

Game seed: 10057183565941928112

448 Flugkiller the Chiller (level 7, -2/32 HPs)
             Began as a Vine Stalker Ice Elementalist on Feb 3, 2024.
             Succumbed to a scorpion's poison
             ... on level 5 of the Dungeon.
             The game lasted 00:04:00 (978 turns).

Flugkiller the Chiller (VSIE)                        Turns: 978, Time: 00:04:01

Health: -2/32      AC:  5    Str:  7 (10) XL:     7   Next: 4%
Magic:  7/25       EV: 11    Int: 14 (17) God:
Gold:   25         SH:  0    Dex: 14 (15) Spells: 6/16 levels left

rFire   . . .        c - +0 sling (heavy)
rCold   . . .        (no shield)
rNeg    . . .        i - +0 troll leather armour {Pargi}
rPois   .            (no helmet)
rElec   .            h - +0 cloak
rCorr   .            (no gloves)
SInv    .            r - +0 pair of boots
Will    +....        (no amulet)
Stlth   ++           f - ring of magical power
HPRegen 1.85/turn    (no ring)
MPRegen 0.19/turn

%: guardian spirit
@: lethally poisoned (-2 -> -10), freezing walls, enlightened, flying, very
slightly contaminated
A: fangs 2, regeneration 1, magic shield, antimagic bite, no potion heal 2
a: no special abilities


You were on level 5 of the Dungeon.
You visited 1 branch of the dungeon, and saw 6 of its levels.

You collected 25 gold pieces.

Inventory:

Hand Weapons
 c - a +0 heavy sling (weapon)
   (You took it off a goblin on level 2 of the Dungeon)
 g - a +4 quarterstaff of chaos
   (You took it off Crazy Yiuf on level 3 of the Dungeon)
Armour
 a - a +0 robe
 h - a +0 cloak (worn)
   (You took it off Crazy Yiuf on level 3 of the Dungeon)
 i - a +0 troll leather armour (worn) {Pargi}
   (You found it on level 3 of the Dungeon)
 r - a +0 pair of boots (worn)
   (You found it on level 5 of the Dungeon)
Jewellery
 f - a ring of magical power (left hand)
   (You found it on level 2 of the Dungeon)
Wands
 p - a wand of polymorph (8)
   (You found it on level 4 of the Dungeon)
Potions
 b - a potion of magic
 j - a potion of ambrosia
 q - a potion of resistance {unknown}


   Skills:
 - Level 1.5 Dodging
 - Level 2.4 Stealth
 + Level 5.4 Spellcasting
 + Level 6.4 Ice Magic


You had 6 spell levels left.
You knew the following spells:

 Your Spells              Type           Power      Damage    Failure   Level
a - Freeze                Ice            84%        1d9       1%          1
b - Frozen Ramparts       Ice            42%        1d7       5%          3
c - Ozocubu's Armour      Ice            21%        N/A       5%          3
d - Summon Ice Beast      Ice/Summ       12%        N/A       21%         3

Your spell library contained the following spells:

 Spells                   Type           Power      Damage    Failure   Level
 Sublimation of Blood     Necr           3%         N/A       36%         2
 Dazzling Flash           Conj/Hex       6%         N/A       58%         3
 Stone Arrow              Conj/Erth      6%         3d7       58%         3
 Volatile Blastmotes      Fire/Tloc      6%         2d10      58%         3
 Animate Armour           Summ/Erth      6%         N/A       94%         4
 Petrify                  Alch/Erth      3%         N/A       94%         4
 Irradiate                Conj/Alch      1%         3d12      100%        5
 Starburst                Conj/Fire      1%         6d3       100%        6
 Lehudib's Crystal Spear  Conj/Erth      1%         10d2      100%        8
 Maxwell's Capacitive Co  Air            1%         ∞         100%        8


Dungeon Overview and Level Annotations

Branches:
Dungeon (6/15) Zot: 26941
 Temple: D:4-7

Altars:
Ashenzari


Innate Abilities, Weirdness & Mutations

You have extremely sharp teeth.
Your natural rate of healing is unusually fast.
When hurt, damage is shared between your health and your magic reserves.
Your bite disrupts and absorbs the magic of your enemies.
Potions cannot restore your health.


Message History

Found a flail.
The iguana hisses angrily.
Casting: Frozen Ramparts (quite dangerous; 4% risk of failure)
Confirm with . or Enter, or press ? or * to list all spells.
The walls around you are covered in ice.
The wall freezes the iguana.
Casting: Frozen Ramparts (quite dangerous; 4% risk of failure)
Confirm with . or Enter, or press ? or * to list all spells.
Aiming: Freeze (safe; 1% risk of failure)
Press: ? - help, Shift-Dir - straight line, f - iguana
Aim: an iguana (lightly wounded)
You freeze the iguana!
The iguana is severely wounded.
The iguana seems to slow down.
Casting: Freeze (safe; 1% risk of failure)
Confirm with . or Enter, or press ? or * to list all spells.
Aiming: Freeze (safe; 1% risk of failure)
Press: ? - help, Shift-Dir - straight line, f/p - iguana
Aim: an iguana (severely wounded, slow)
You freeze the iguana!
You kill the iguana!
The frozen ramparts melt away as you move.
Found a stone staircase leading down.
There is a stone staircase leading down here.
You climb downwards.
Found a stone staircase leading down.
There is a stone staircase leading up here.
Found a stone staircase leading up.
There is a stone staircase leading down here.
There is a stone staircase leading up here.
You climb upwards.
There is a stone staircase leading down here.
Magic restored.
A scorpion comes into view.
A scorpion comes into view.
The scorpion closely misses you.
Unknown command.
You shoot a sling bullet.
The sling bullet barely misses the scorpion.
The sling bullet closely misses the scorpion.
The scorpion completely misses you. The scorpion barely misses you.
Casting: Freeze (safe; 1% risk of failure)
Confirm with . or Enter, or press ? or * to list all spells.
You miscast Frozen Ramparts.
You are very lightly contaminated with residual magic.
Nothing appears to happen.
The scorpion stings you.
You are poisoned.
The scorpion poisons you! The scorpion closely misses you.
Casting: Frozen Ramparts (dangerous; 4% risk of failure)
Confirm with . or Enter, or press ? or * to list all spells.
The walls around you are covered in ice.
You feel very sick.
The wall freezes the scorpion!
The scorpion stings you.
The wall freezes the scorpion.
The scorpion stings you.
You are more poisoned.
The scorpion poisons you!
The wall freezes the scorpion but does no damage.
The scorpion closely misses you.
There are monsters nearby!
Unknown command.
Casting: Frozen Ramparts (dangerous; 4% risk of failure)
Confirm with . or Enter, or press ? or * to list all spells.
Aiming: Freeze (safe; 1% risk of failure)
Press: ? - help, Shift-Dir - straight line, f/p - scorpion
Aim: a scorpion (moderately wounded)
You freeze the scorpion.
The scorpion is severely wounded.
You feel very sick.
The wall freezes the scorpion but does no damage.
The scorpion stings you.
The wall freezes the scorpion.
The scorpion stings you.
The wall freezes the scorpion.
The scorpion stings you.
Casting: Freeze (safe; 1% risk of failure)
Confirm with . or Enter, or press ? or * to list all spells.
Aiming: Freeze (safe; 1% risk of failure)
Press: ? - help, Shift-Dir - straight line, f/p - scorpion
Aim: a scorpion (severely wounded)
You freeze the scorpion.
The scorpion is almost dead.
You feel very sick.
The wall freezes the scorpion.
The scorpion stings you.
* * * LOW HITPOINT WARNING * * *
You are lethally poisoned!
The scorpion poisons you!
The wall freezes the scorpion.
The scorpion closely misses you.
Unknown command.
It was a potion of degeneration.
There was something very wrong with that liquid.
You feel weakened.
You feel dopey.
You feel clumsy.
* * * LOW HITPOINT WARNING * * *
You feel extremely sick.
The wall freezes the scorpion!
You kill the scorpion!
The wall freezes the scorpion.
The scorpion stings you.
* * * LOW HITPOINT WARNING * * *
You have reached level 7!
It was a potion of enlightenment.
You feel very buoyant.
You fly up into the air.
You die...

#........# #.######.# #.#
#.# ##########.# #.#
...........# #.#
#################.#######
##.............#
#...........##.#
...####@.##.# #s## .# #.#
# #.# #.# ..# ###


You could see a scorpion.

Vanquished Creatures
  Pargi (D:3)
  3 scorpions
  A hound (D:5)
  2 iguanas
  Crazy Yiuf (D:3)
  2 adders
  2 ribbon worms
  11 orcs
  4 endoplasms
  A giant cockroach (D:1)
  3 goblins
  A hobgoblin (D:4)
  6 quokkas
  2 ball pythons (D:3)
  A bat (D:3)
  A frilled lizard (D:3)
  2 kobolds
44 creatures vanquished.

Notes
Turn   | Place    | Note
-------+----------+-------------------------------------------
     0 | D:1      | Flugkiller the Vine Stalker Ice Elementalist began the
                  | quest for the Orb.
     0 | D:1      | Reached XP level 1. HP: 9/9 MP: 4/4
   221 | D:3      | Reached XP level 2. HP: 13/13 MP: 5/6
   277 | D:3      | Reached XP level 3. HP: 10/16 MP: 2/8
   285 | D:3      | Learned a level 3 spell: Frozen Ramparts
   291 | D:3      | Learned a level 3 spell: Summon Ice Beast
   296 | D:3      | Found a runed translucent door.
   297 | D:3      | Noticed Crazy Yiuf
   304 | D:3      | Killed Crazy Yiuf
   425 | D:3      | Noticed Pargi
   430 | D:3      | Reached XP level 4. HP: 21/21 MP: 8/10
   431 | D:3      | Killed Pargi
   432 | D:3      | Reached skill level 5 in Ice Magic
   432 | D:3      | Reached XP level 5. HP: 20/24 MP: 6/12
   550 | D:5      | Entered Level 5 of the Dungeon
   591 | D:4      | Found a broken altar of Ashenzari.
   764 | D:4      | Reached XP level 6. HP: 24/28 MP: 13/14
   809 | D:5      | Reached skill level 5 in Spellcasting
   809 | D:5      | Reached skill level 6 in Ice Magic
   814 | D:5      | Learned a level 3 spell: Ozocubu's Armour
   977 | D:5      | HP: 1/28 [scorpion (1)]
   978 | D:5      | Reached XP level 7. HP: 2/32 MP: 6/16
   978 | D:5      | Succumbed to a scorpion's poison

Illustrated notes

Levels and vault maps discovered:
D:1:      dpeg_arrival_tiny_d, layout_basic
D:2:      layout_loops_ring, uniq_terence
D:3:      layout_loops_ring, uniq_pargi, uniq_crazy_yiuf_cottage
D:4:      kennysheep_big_flooded_room, layout_rooms,
          nicolae_ashenzari_panopticon
D:5:      layout_loops_ring, mainiacjoe_overflow_alcove_2
D:6:      layout_loops_ring, nzn_wu_jian_contemplation, trog_ov_bears_minmay,
          minmay_temple_entry_grid, uniq_duvessa, uniq_maggie

Skill      XL: |  1  2  3  4  5  6 |
---------------+-------------------+-----
Spellcasting   | 3 4 5 |  5.4
Ice Magic      | 5 6 |  6.4
Dodging        | |  1.5
Stealth        | |  2.4

Action                     |  1- 3 |  4- 6 |  7- 9 || total
---------------------------+-------+-------+-------++-------
   Fire: Sling             |    36 |    21 |       ||    57
   Cast: Freeze            |     7 |    23 |       ||    30
         Frozen Ramparts   |     3 |     9 |       ||    12
         Summon Ice Beast  |     2 |       |       ||     2
    Use: Scroll            |       |     5 |       ||     5
         Potion            |       |     1 |     1 ||     2
 Armour: Robe              |    28 |     4 |       ||    32
         Troll leather arm |       |    26 |       ||    26
  Dodge: Dodged            |    34 |    27 |       ||    61
